 Dungeon Crawl Stone Soup version 0.29.1-2-gbd0b4ee654 (webtiles) character file.

Game seed: 4048322075026029412

2254 Goreval the Transmogrifier (level 9, -1/67 HPs)
             Began as a Merfolk Transmuter on Nov 10, 2022.
             Was an Elder of Okawaru.
             Slain by an orc warrior
             ... wielding a +0 spear
              (10 damage)
             ... in a bailey.
             The game lasted 00:21:27 (8451 turns).

Goreval the Transmogrifier (Merfolk Transmuter)     Turns: 8451, Time: 00:21:27

Health: -1/67      AC:  9    Str: 10    XL:     9   Next: 37%
Magic:  0/15       EV: 14    Int: 17    God:    Okawaru [****..]
Gold:   273        SH:  0    Dex: 14    Spells: 10/16 levels left

rFire   + . .      SeeInvis +     - Unarmed
rCold   . . .      Faith    .   (no shield)
rNeg    . . .      Spirit   +   n - +2 ring mail {rF+}
rPois   .          Reflect  .   (helmet currently unavailable)
rElec   .          Harm     .   (no cloak)
rCorr   .          Rampage  .   m - +0 pair of gloves
Will    .....                   (boots currently unavailable)
Stlth   ++........              j - amulet of guardian spirit
HPRegen 0.21/turn               t - ring of see invisible
MPRegen 0.14/turn               (no ring)

@: appendages (expiring), heroic
A: horns 2, (nimble swimmer 2), mertail
a: End Transformation, Renounce Religion, Heroism, Finesse


You were in a bailey.
You worshipped Okawaru.
Okawaru was greatly pleased with you.
You had temporarily grown beastly horns.
You visited 1 branch of the dungeon, and saw 7 of its levels.
You also visited: Bailey.

You collected 329 gold pieces.
You spent 56 gold pieces at shops.

Inventory:

Hand Weapons
 E - a +1 vorpal halberd
Missiles
 g - 33 stones
 v - a throwing net
Armour
 m - a +0 pair of gloves (worn)
 n - a +2 ring mail of fire resistance (worn)
Jewellery
 j - an amulet of guardian spirit (around neck)
 t - a ring of see invisible (left hand)
 B - an amulet of reflection
Wands
 x - a wand of flame (14)
 y - a wand of polymorph (8)
Scrolls
 c - 6 scrolls of identify {unknown}
 h - a scroll of torment {unknown}
 i - a scroll of immolation {unknown}
 l - a scroll of amnesia {unknown}
 o - 3 scrolls of teleportation {unknown}
 q - a scroll of butterflies {unknown}
 r - 2 scrolls of enchant weapon {unknown}
 u - 2 scrolls of fear {unknown}
 w - a scroll of poison {unknown}
 A - 3 scrolls of noise {unknown}
 C - a scroll of vulnerability {unknown}
Potions
 a - 2 potions of brilliance {unknown}
 b - a potion of flight {unknown}
 d - a potion of might {unknown}
 e - a potion of haste {unknown}
 f - 2 potions of attraction {unknown}
 k - 3 potions of magic {unknown}
 p - a potion of heal wounds {unknown}
 s - 3 potions of berserk rage {unknown}
 z - a potion of curing
 D - a potion of cancellation {unknown}


   Skills:
 + Level 4.8(9.8) Fighting
 + Level 0.3(5.3) Armour
 + Level 6.0(11.0) Dodging
 * Level 7.4(12.4) Unarmed Combat
 + Level 4.3 Spellcasting
 * Level 8.7 Transmutations
 - Level 4.0 Poison Magic


You had 10 spell levels left.
You knew the following spells:

 Your Spells              Type           Power      Damage    Failure   Level
a - Beastly Appendage     Tmut           66%        N/A       1%          1
b - Wereblood             Tmut           33%        N/A       1%          2
c - Spider Form           Tmut/Pois      25%        N/A       8%          3

Your spell library contained the following spells:

 Spells                   Type           Power      Damage    Failure   Level
 Static Discharge         Conj/Air       3%         3-4/arc   47%         2
 Ice Form                 Ice/Tmut       18%        N/A       52%         4
 Iskenderun's Battlesphe  Conj           3%         2d6       100%        5
 Lightning Bolt           Conj/Air       1%         1d12      100%        5
 Iron Shot                Conj/Erth      1%         9d1       100%        6
 Storm Form               Tmut/Air       9%         N/A       100%        7
 Maxwell's Capacitive Co  Air            1%         ∞         100%        8
 Summon Lightning Spire   Summ/Air       Unusable   N/A       N/A         4
 Spellforged Servitor     Conj/Summ      Unusable   N/A       N/A         7

Dungeon Overview and Level Annotations

Branches:
Dungeon (7/15)             Temple (0/1) D:4          Bailey (1/1)

Altars:
Ashenzari
Cheibriados
Fedhas
Okawaru
Wu Jian
Xom
The Shining One

Shops:
D:2 :!   D:4 [


Innate Abilities, Weirdness & Mutations

You have temporarily grown beastly horns.
((You are very nimble when in or above water. (Stealth+, EV+, Speed+++)))
Your lower body shifts to a powerful aquatic tail in water.


Message History

The orc attacks as you move away! The orc closely misses you.
The orc misses you. The orc barely misses you.
The orc warrior barely misses you.
Your primal bloodlust is almost over.
The orc closely misses you.
The orc warrior hits you from afar with a +0 spear.
The orc warrior hits you from afar with a +0 glaive!!
The orc warrior closely misses you.
You hit the orc but do no damage.
Your transformation is almost over.
The orc warrior barely misses you. The orc misses you.
The orc warrior hits you but does no damage.
You closely miss the orc. Your headbutt misses the orc.
You howl as the wereblood boils in your veins!
The orc warrior misses you. The orc barely misses you.
The orc warrior hits you from afar with a +0 spear.
You hit the orc but do no damage. You hit the orc but do no damage.
Your headbutt misses the orc.
Your primal bloodlust has ended.
The orc warrior closely misses you. The orc closely misses you.
The orc warrior hits you from afar with a +0 spear!
You hit the orc but do no damage. Your headbutt misses the orc.
The orc warrior hits you from afar with a +0 glaive!
* * * LOW HITPOINT WARNING * * *
The orc closely misses you. The orc warrior closely misses you.
Okay, then.
Okay, then.
Okay, then.
Okay, then.
You gain the combat prowess of a mighty hero.
The orc warrior hits you from afar with a +0 glaive!
* * * LOW HITPOINT WARNING * * *
The orc hits you with a +0 halberd.
* * * LOW HITPOINT WARNING * * *
The orc warrior misses you.
You hit the orc but do no damage. You punch the orc.
An orc warrior comes into view. It is wielding a +0 trident.
The orc warrior barely misses you.
The orc warrior hits you from afar with a +0 spear!
You die...

####### ####
♣♣≈≈≈≈≈♣♣♣o@##
#♣.≈≈≈≈≈♣♣....#
#...≈≈≈≈≈♣oo####
##.♣..≈≈≈≈♣.o# .####
###.....≈≈≈≈...# ....
♣♣♣....♣..≈≈≈≈.♣.##...
♣.........≈≈≈≈....#..#
.........######.o.#o8#
..∩.............).#..#


You could see 3 orc warriors and 2 orcs.

Vanquished Creatures
  Pikel (D:5)
  Menkaure (D:4)
  Duvessa (D:4)
  A sky beast (D:6)
  4 black bears
  A lemure (D:5)
  A phantom (D:5)
  2 centaurs (D:6)
  A bullfrog (D:3)
  2 scorpions (D:5)
  Dowan (D:4)
  2 jellies
  2 hounds (D:5)
  A gnoll bouda (D:6)
  2 orc priests
  4 iguanas
  Ijyb (D:4)
  An orc wizard (D:2)
  7 adders
  9 gnolls
  A white imp (D:5)
  An ufetubus (D:4)
  A worm (D:2)
  22 orcs
  7 ball pythons
  6 bats
  9 endoplasms
  4 giant cockroaches
  11 hobgoblins
  A jackal (D:3)
  5 quokkas
  5 frilled lizards
  9 goblins
  12 kobolds
  6 rats
145 creatures vanquished.

Vanquished Creatures (others)
  2 fungi (D:1)
2 creatures vanquished.

Grand Total: 147 creatures vanquished

Notes
Turn   | Place    | Note
-------+----------+-------------------------------------------
     0 | D:1      | Goreval the Merfolk Transmuter began the quest for the Orb.
     0 | D:1      | Reached XP level 1. HP: 15/15 MP: 3/3
   356 | D:1      | Reached skill level 3 in Transmutations
   356 | D:1      | Reached XP level 2. HP: 16/21 MP: 3/5
   359 | D:1      | Learned a level 2 spell: Wereblood
   453 | D:1      | Found a faded altar of an unknown god.
   486 | D:1      | Prayed at the altar of an unknown god.
   486 | D:1      | Became a worshipper of Warmaster Okawaru
   486 | D:1      | Reached * piety under Okawaru
   797 | D:1      | Reached XP level 3. HP: 22/26 MP: 6/6
   801 | D:1      | Learned a level 3 spell: Spider Form
  1360 | D:2      | Found Wostie Xoeli's Distillery.
  1368 | D:2      | Bought a potion of curing for 42 gold pieces
  1401 | D:2      | Bought a potion of degeneration for 14 gold pieces
  2281 | D:3      | Reached XP level 4. HP: 33/33 MP: 5/7
  2305 | D:3      | Found a blossoming altar of Fedhas.
  2553 | D:2      | Found Tiedwios's Book Emporium.
  2560 | D:2      | Reached skill level 4 in Transmutations
  2643 | D:2      | Reached XP level 5. HP: 20/38 MP: 1/8
  3409 | D:3      | Found a glowing golden altar of the Shining One.
  3732 | D:3      | Reached ** piety under Okawaru
  3861 | D:3      | Reached skill level 5 in Transmutations
  3861 | D:3      | Reached XP level 6. HP: 28/46 MP: 4/10
  3986 | D:4      | Noticed a black bear
  4090 | D:4      | Noticed a black bear
  4263 | D:4      | Killed a black bear
  4264 | D:4      | Reached skill level 5 in Unarmed Combat
  4403 | D:4      | Noticed Menkaure
  4423 | D:4      | Killed Menkaure
  4424 | D:4      | Reached skill level 6 in Transmutations
  4424 | D:4      | Reached skill level 1 in Poison Magic
  4424 | D:4      | Reached XP level 7. HP: 27/52 MP: 2/11
  4753 | D:4      | Found Miacuoz's Armour Shop.
  4997 | D:4      | Noticed Duvessa
  4998 | D:4      | Noticed Dowan
  5009 | D:4      | Killed Duvessa
  5040 | D:4      | Killed Dowan
  5529 | D:4      | Found a shimmering altar of Xom.
  5559 | D:4      | Found a snail-covered altar of Cheibriados.
  5603 | D:4      | Found a staircase to the Ecumenical Temple.
  5604 | D:4      | Noticed Ijyb
  5636 | D:4      | Killed Ijyb
  5653 | D:4      | Reached XP level 8. HP: 48/58 MP: 7/13
  5657 | D:4      | Reached *** piety under Okawaru
  5925 | D:5      | Entered Level 5 of the Dungeon
  5933 | D:5      | Reached skill level 5 in Dodging
  5933 | D:5      | Reached skill level 7 in Transmutations
  6687 | D:5      | Noticed Pikel
  6712 | D:5      | Killed Pikel
  6713 | D:5      | Reached skill level 8 in Transmutations
  6713 | D:5      | Reached XP level 9. HP: 23/66 MP: 2/15
  7250 | D:6      | Found an ornate altar of the Wu Jian Council.
  7265 | D:6      | Reached **** piety under Okawaru
  8021 | D:6      | Found a broken altar of Ashenzari.
  8108 | D:7      | Found a flagged portal.
  8390 | Bailey   | Entered a bailey
  8451 | Bailey   | Slain by an orc warrior

Illustrated notes

Levels and vault maps discovered:
D:1:      lemuel_arrival_funnel, layout_loops_ring,
          shapermc_ecumenical_altar_mp_ritualfount, minmay_pentomino_z4
D:2:      minmay_skewed_foursquare, layout_rooms, serial_shops, shop, shop
D:3:      minmay_razor_zed, layout_rooms, fedhas_altar_3, tso_oasis_becter
D:4:      layout_rooms, mainiacjoe_overflow_two_lobes,
          minmay_temple_entry_steel_oval, serial_shops, nicolae_shop_waterfront,
          uniq_ijyb, uniq_menkaure, uniq_duvessa
D:5:      layout_loops_cross, uniq_pikel
D:6:      dreamdust_elfheim, layout_basic, overflow_temple_1_default,
          nicolae_overflow_hidden_temple
D:7:      layout_loops_ring, zin_academy, mainiacjoe_overflow_tiny_flanked,
          enter_bailey_2
Bailey:   bailey_polearm_elven_captive_hellmonk, bailey

Skill      XL: |  1  2  3  4  5  6  7  8  9 |
---------------+----------------------------+-----
Transmutations | 3 4 5 6 8 |  8.7
Dodging        | 3 4 5 6 |  6.0
Unarmed Combat | 4 5 7 |  7.4
Fighting       | 2 3 4 |  4.8
Spellcasting   | 3 4 |  4.3
Poison Magic   | 1 2 3 4 |  4.0
Armour         | |  0.3

Action                   |  1- 3 |  4- 6 |  7- 9 || total
-------------------------+-------+-------+-------++-------
Melee: Unarmed           |   120 |   190 |   301 ||   611
       Headbutt          |    19 |    26 |    65 ||   110
       Punch             |       |     5 |    13 ||    18
 Cast: Beastly Appendage |    20 |    28 |    27 ||    75
       Wereblood         |     1 |     4 |     7 ||    12
       Spider Form       |       |       |     1 ||     1
Invok: Heroism           |       |     1 |     3 ||     4
  Use: Potion            |       |     2 |       ||     2
Armor: Robe              |    13 |     3 |       ||    16
       Ring mail         |       |    65 |   100 ||   165
Dodge: Dodged            |    69 |   118 |   183 ||   370
